[Event "Early-Titled-Tuesday-Blitz-September-12-2023"]
[Site "Chess.com"]
[Date "2023.09.12"]
[Round "7"]
[White "Akylbek2021"]
[Black "Inepton_Fermion"]
[Result "1-0"]
[WhiteElo "2310"]
[BlackElo "2346"]
[TimeControl "180+1"]
[EndTime "9:18:32 PDT"]
[Termination "Akylbek2021 won by resignation"]

1. Nf3 g6 2. e4 Bg7 3. d4 d6 4. c4 a6 5. Nc3 c5 6. Be3 cxd4 7.
Bxd4 Nf6 8. e5 dxe5 9. Bxe5 Qxd1+ 10. Rxd1 Nc6 11. Nd5 O-O 12. Bc3 Nxd5 13. cxd5 Nb8 14.
Be2 b6 15. O-O Bb7 16. Bxg7 Kxg7 17. d6 e6 18. Ne5 Rd8 19. Rc1 Nd7 20. f4 Nc5 21. b4 Ne4 22. Rc7 Nxd6 23. Rd1 Bd5 24. Bf3 Rac8 25. Ra7 Bxf3 26. gxf3 Kg8 27. Rxa6 f6 28.
Ng4 h5 29. Nxf6+ Kf7 30. Ne4 Nxe4 31. Rxd8 Rxd8 32. fxe4 Rd4 33. Rxb6 Rxe4 34. a4 Rxf4 35. a5 Rf3 36. a6 Ra3 37. b5 e5 38. Rb7+ Ke6 39.
a7 Kd6 40. b6 Kc6 41. Rb8 e4 42. Kf2 g5 43. a8=Q+ Rxa8 44. Rxa8 Kxb6 45. Rh8 Kb7 46.
Rxh5 g4 47. Ke3 1-0

[Event "Early-Titled-Tuesday-Blitz-September-12-2023"]
[Site "Chess.com"]
[Date "2023.09.12"]
[Round "7"]
[White "aghasiyevkamal"]
[Black "OchsenfroschGambit"]
[Result "1-0"]
[WhiteElo "2561"]
[BlackElo "2377"]
[TimeControl "180+1"]
[EndTime "9:18:33 PDT"]
[Termination "aghasiyevkamal won by checkmate"]

1. e4 c5 2. Nf3 e6 3. d4 cxd4 4. Nxd4 a6 5. Bd3 Nc6 6. Nxc6 dxc6 7. O-O Qc7 8. a4 Nf6 9. a5 Bc5 10. Nd2 e5 11. Nc4 Be6 12. Be3 Bxe3 13. Nxe3 O-O-O 14. Qf3 h5 15. h3 Qe7 16. Rfd1 Kb8 17. c3 g5 18. Bc4 g4 19. Qg3 Bxc4 20. Nxc4 gxh3 21. Qxe5+ Qxe5 22. Nxe5 Nxe4 23. gxh3 Rhg8+ 24. Kf1 f6 25. Nd7+ Kc7 26. Rd4 Rxd7 27. Rxe4 Rd2 28. b4 Rgd8 29. Rae1 R8d7 30. Rf4 R2d3 31. Re3 Rxe3 32. fxe3 Rd6 33. Ke2 Kd7 34. Rf5 h4 35. Rh5 Ke6 36. Rxh4 Rd5 37.
Re4+ Kd7 38. h4 Rf5 39. Rf4 Rh5 40. Kf3 Ke6 41. Kg4 Rh8 42. Re4+ Kd6 43. Kf5 Kd5 44.
Rd4# 1-0

[Event "Early-Titled-Tuesday-Blitz-September-12-2023"]
[Site "Chess.com"]
[Date "2023.09.12"]
[Round "7"]
[White "Herman-NY"]
[Black "jimmy-schlumpf"]
[Result "1-0"]
[WhiteElo "2546"]
[BlackElo "2321"]
[TimeControl "180+1"]
[EndTime "9:18:33 PDT"]
[Termination "Herman-NY won on time"]

1. e4 Nf6 2. e5 Nd5 3. d4 d6 4. c4 Nb6 5. f4 dxe5 6. fxe5 Bf5 7. Be3 e6 8. Nc3 Bb4 9. Be2 c5 10. dxc5 N6d7 11. Nf3 O-O 12. O-O Bxc5 13. Bxc5 Nxc5 14.
Nd4 Bd3 15. Ndb5 Nc6 16. Rf3 Nxe5 17. Re3 Bxe2 18. Qxe2 Ng6 19. Rd1 Qg5 20. b4 Na6 21. Ne4 Qe7 22. a3 b6 23. Ned6 Rad8 24. Red3 Nf4 25.
Qe5 Nxd3 26. Rxd3 Rd7 27. Rh3 Rfd8 28. Qh5 h6 29. c5 bxc5 30. bxc5 Nxc5 31. Qxc5 Rxd6 32.
Nxd6 Qxd6 33. Qxd6 Rxd6 34. Rb3 Ra6 35. Kf2 Ra4 36.
Ke3 g5 37. Kd3 Kg7 38. Kc3 Kg6 39. Kb2 f5 40. Rb8 e5 41. Rg8+ Kh5 42. Re8 e4 43.
Kb3 Rd4 44. a4 Rd7 45. Kb4 Kg4 46. Re6 h5 47. Kb5 Kf4 48. Kc6 1-0

[Event "Early-Titled-Tuesday-Blitz-September-12-2023"]
[Site "Chess.com"]
[Date "2023.09.12"]
[Round "7"]
[White "MrTattaglia"]
[Black "Lion-Al-Messi"]
[Result "0-1"]
[WhiteElo "2906"]
[BlackElo "2617"]
[TimeControl "180+1"]
[EndTime "9:18:35 PDT"]
[Termination "Lion-Al-Messi won on time"]

1. d4 d5 2. Nc3 Nf6 3. Bf4 a6 4. e4 dxe4 5. Bc4 e6 6. Nge2 b5 7. Bb3 Bb7 8. Qd2 Bd6 9. O-O-O Nbd7 10. d5 e5 11. Bg5 h6 12. Bh4 g5 13. Bg3 Nc5 14.
h4 g4 15. h5 Qd7 16. Qe3 b4 17. Bh4 bxc3 18. Bxf6 cxb2+ 19. Kb1 Rh7 20. Ng3 a5 21.
Nxe4 Nxb3 22. Qxb3 Ba6 23. Bh4 Kf8 24. Nf6 Qf5 25. Nxh7+ Qxh7 26. Rhe1 Qf5 27. Qe3 Kg7 28. Bg3 f6 29. Qc3 Qd7 30. a3 Rb8 31. f4 exf4 32.
Bh4 Qf5 33. Re6 Be5 34. Rxe5 Qxe5 35. Bxf6+ Kxf6 36. Qc6+ Qd6 37. Qc3+ Qe5 38. Qc6+ Qd6 39. Qc3+ Kf7 40. Qxa5 Bc4 41. Qc3 Qc5 42. Qd2 Qd6 43. Qd4 Bb5 44. c4 Ba4 45. Rf1 Qf6 0-1

[Event "Early-Titled-Tuesday-Blitz-September-12-2023"]
[Site "Chess.com"]
[Date "2023.09.12"]
[Round "7"]
[White "DvaHrasta"]
[Black "RandomNoob04"]
[Result "0-1"]
[WhiteElo "2483"]
[BlackElo "2635"]
[TimeControl "180+1"]
[EndTime "9:18:35 PDT"]
[Termination "RandomNoob04 won on time"]

1. c4 Nf6 2. g3 e6 3. Bg2 d5 4.
Nf3 Be7 5. O-O O-O 6. d4 dxc4 7. Ne5 Nc6 8. Bxc6 bxc6 9. Nxc6 Qe8 10. Nxe7+ Qxe7 11.
Na3 e5 12. dxe5 Qxe5 13. Nxc4 Qh5 14. f3 Bb7 15. e4 Rad8 16. Qb3 Ba6 17. Be3 Rb8 18. Qc3 Bxc4 19. Qxc4 Rxb2 20. Rf2 Rxf2 21. Bxf2 Qxf3 22. Re1 h5 23. Bxa7 Rd8 24. Qe2 Qa3 25. Bf2 Re8 26. e5 Ng4 27. Bd4 Rd8 28. e6 Rxd4 29.
exf7+ Kh7 30. Qc2+ g6 31. Qxc7 Qf8 32. Re8 Rd1+ 33.
Kg2 Rd2+ 34. Kf3 Rf2+ 35. Ke4 Qxf7 36. Qxf7+ Rxf7 37. Ra8 Nxh2 38. a4 Nf1 39. a5 Nxg3+ 40. Ke5 h4 41. a6 h3 42. a7 h2 43. Rh8+ Kxh8 44. a8=Q+ Kh7 45. Ke6 h1=Q 0-1

[Event "Early-Titled-Tuesday-Blitz-September-12-2023"]
[Site "Chess.com"]
[Date "2023.09.12"]
[Round "7"]
[White "malakismayil"]
[Black "Happy1712Drummer"]
[Result "1-0"]
[WhiteElo "2512"]
[BlackElo "2352"]
[TimeControl "180+1"]
[EndTime "9:18:36 PDT"]
[Termination "malakismayil won by resignation"]

1. e4 c5 2. Nf3 d6 3. Bb5+ Bd7 4.
Bxd7+ Qxd7 5. O-O Nc6 6. Re1 Nf6 7. d4 cxd4 8. Nxd4 g6 9. Nc3 Bg7 10. Bg5 O-O 11. Nxc6 bxc6 12. Qd3 Rab8 13. b3 Ng4 14.
Rad1 h6 15. Bh4 f5 16. exf5 Ne5 17. Rxe5 Bxe5 18. fxg6 Qf5 19. Ne4 d5 20. Nc5 Qxd3 21.
Rxd3 Bf6 22. Bg3 Rb5 23. Ne6 Rc8 24. h4 Rb4 25. h5 Re4 26. Nc5 Re2 27. c4 Rc2 28. Ne6 dxc4 29. bxc4 Rxc4 30. Rd7 a5 31. Nd8 Rc1+ 32. Kh2 Rc2 33. Nf7 Kg7 34. Bf4 Bg5 35. Bxg5 hxg5 36. Nxg5 Rxa2 37. Rxe7+ Kf6 38. Rf7+ Kxg5 39.
g7 Rg8 40. g4 Kxg4 41. h6 Kh5 42. h7 Rxg7 43. h8=Q+ Kg6 44. Rxg7+ Kf6 45. Qf8+ 1-0

[Event "Early-Titled-Tuesday-Blitz-September-12-2023"]
[Site "Chess.com"]
[Date "2023.09.12"]
[Round "7"]
[White "Anton_Demchenko"]
[Black "Rutricks"]
[Result "1-0"]
[WhiteElo "2941"]
[BlackElo "2676"]
[TimeControl "180+1"]
[EndTime "9:18:37 PDT"]
[Termination "Anton_Demchenko won by checkmate"]

1. e4 g6 2. d4 Bg7 3. Nf3 c6 4. Nc3 d5 5. Bf4 dxe4 6. Nxe4 Nf6 7. Nxf6+ exf6 8. Be2 O-O 9. O-O a5 10. c3 Na6 11. Bxa6 Rxa6 12. h3 Be6 13. Re1 Bd5 14.
Nd2 b5 15. Nb3 a4 16. Nc5 Ra7 17. b3 axb3 18. axb3 Rxa1 19. Qxa1 Re8 20. Nb7 Rxe1+ 21. Qxe1 Qd7 22. Nc5 Qd8 23. Qe2 Bf8 24. c4 bxc4 25.
bxc4 Bxc5 26. cxd5 Bd6 27. Bxd6 Qxd6 28. Qe8+ Kg7 29.
Qxc6 Qb4 30. Kf1 Qxd4 31. g3 Qe4 32. Qc5 Qh1+ 33. Ke2 Qxh3 34. d6 Qe6+ 35. Kd2 Qa2+ 36. Kc3 Qa1+ 37. Kb4 Qb2+ 38. Ka5 Qb7 39. Qd4 Qd7 40. Kb6 Qd8+ 41. Kc6 Qc8+ 42. Kb5 Qd7+ 43. Kb4 h5 44. Qc5 Qg4+ 45. Ka5 Qd7 46. Qc7 Qf5+ 47. Kb6 Qxf2+ 48. Kb7 Qxg3 49. d7 Qb3+ 50. Kc8 Qe6 51. Qc5 h4 52. Kc7 h3 53. d8=Q h2 54. Qcf8+ Kh7 55.
Qh8# 1-0

[Event "Early-Titled-Tuesday-Blitz-September-12-2023"]
[Site "Chess.com"]
[Date "2023.09.12"]
[Round "7"]
[White "FabianoCaruana"]
[Black "Andreikka"]
[Result "1-0"]
[WhiteElo "3079"]
[BlackElo "3004"]
[TimeControl "180+1"]
[EndTime "9:18:38 PDT"]
[Termination "FabianoCaruana won by resignation"]

1. c4 e6 2. Nc3 d5 3. d4 Nf6 4.
cxd5 exd5 5. Bg5 c6 6. Qc2 h6 7. Bh4 Be7 8. e3 O-O 9. Bd3 Ne8 10. Bg3 Nd6 11. Nf3 Be6 12. O-O Nd7 13. Ne5 Nf6 14. f3 Qc8 15. Rae1 c5 16. Qf2 Bf5 17. Bh4 g5 18.
Bg3 Bxd3 19. Nxd3 c4 20. Nb4 Qe6 21. Be5 Nde8 22. a3 a5 23. Nc2 Nd7 24. e4 dxe4 25. Rxe4 Qc6 26. Ne3 f5 27. Ned5 Bd8 28. Re2 b5 29.
Rfe1 Nxe5 30. Rxe5 Nd6 31. Re6 Kg7 32. Qe3 Ra6 33.
Qe5+ Kh7 34. Ne7 Qd7 35. Ncd5 Qa7 36. Rxd6 Rxd6 37. Qxd6 Qxd4+ 38. Kh1 Qg7 39. Nc6 Bf6 40. Nxf6+ Rxf6 41. Qd5 Rf7 42. Nd4 g4 43. Nxf5 Qf6 44. fxg4 b4 45. axb4 axb4 46. h3 c3 47. bxc3 bxc3 48.
Qd3 Rc7 49. Nd6+ Kg8 50. Ne8 Qf2 51. Rf1 Rd7 52. Qc4+ Qf7 53. Rxf7 1-0

[Event "Early-Titled-Tuesday-Blitz-September-12-2023"]
[Site "Chess.com"]
[Date "2023.09.12"]
[Round "7"]
[White "Hope_6"]
[Black "OparinGrigoriy"]
[Result "0-1"]
[WhiteElo "2695"]
[BlackElo "3013"]
[TimeControl "180+1"]
[EndTime "9:18:38 PDT"]
[Termination "OparinGrigoriy won by resignation"]

1. d4 Nf6 2. c4 e6 3. Nf3 b6 4. a3 Bb7 5. Nc3 Ne4 6. Nxe4 Bxe4 7.
e3 d6 8. Bd3 Bxd3 9. Qxd3 Nd7 10. O-O Be7 11. e4 O-O 12. b4 a5 13. Bb2 Qc8 14.
d5 e5 15. Rfc1 g6 16. Qe2 Bf6 17. Ne1 Bg5 18. Rd1 f5 19. Nd3 fxe4 20. Qxe4 Nf6 21. Qe2 e4 22. Ne1 Qf5 23. Nc2 Ng4 24. Rf1 axb4 25.
Nd4 Qf4 26. g3 Qd2 27. Qxg4 Qxb2 28. Ne6 Rxf2 29. Rxf2 Qxa1+ 30. Kg2 Be3 31. Re2 Qg1+ 32. Kh3 Qf1+ 33. Kh4 Qf6+ 34. Kh3 Qf1+ 35. Kh4 Bh6 36. axb4 Qf6+ 37. Kh3 Qf1+ 38. Kh4 e3 39. Nxc7 Rf8 40. Ne6 Rf5 41. c5 Rh5+ 42. Qxh5 gxh5 43. cxd6 Bf8 44. Nxf8 Qxe2 45. Kg5 Qg4+ 46. Kf6 Kxf8 47. d7 Qxd7 0-1

[Event "Early-Titled-Tuesday-Blitz-September-12-2023"]
[Site "Chess.com"]
[Date "2023.09.12"]
[Round "7"]
[White "charlescandycampbell"]
[Black "Viacheslav92"]
[Result "1/2-1/2"]
[WhiteElo "2312"]
[BlackElo "2502"]
[TimeControl "180+1"]
[EndTime "9:18:38 PDT"]
[Termination "Game drawn - insufficient material"]

1. d4 Nf6 2. Nf3 g6 3. c4 Bg7 4. Nc3 O-O 5. g3 d6 6. Bg2 c6 7.
O-O Qa5 8. h3 Qa6 9. Qb3 Bf5 10.
Nh4 Be6 11. d5 cxd5 12. cxd5 Bc8 13. e4 Nbd7 14. Be3 Nc5 15. Qc2 Bd7 16. b4 Na4 17.
Nxa4 Bxa4 18. Qd2 Rfc8 19. Rac1 h5 20. Rfe1 Nd7 21. f4 Nb6 22. Bf1 Bb5 23. Bxb5 Qxb5 24.
Bd4 Nc4 25. Qd3 Qxb4 26. Bxg7 Kxg7 27. Qd4+ Kh7 28. f5 Qc5 29. fxg6+ fxg6 30. Qxc5 Rxc5 31. e5 dxe5 32. Rxe5 Nxe5 33. Rxc5 Rd8 34. Rc7 Rd7 35. Rxd7 Nxd7 36. Ng2 Kg7 37. Kf2 Kf6 38. Ne3 Ke5 39.
Kf3 Nb6 40. g4 Nxd5 41. gxh5 gxh5 42. Nc4+ Kd4 43. Na5 b5 44. Nc6+ Kc3 45. Nxa7 b4 46.
Nc6 Kb2 47. Ke4 Nc3+ 48. Kd4 Nxa2 49. Nxe7 Kc2 50. Nf5 b3 51. Ne3+ Kc1 52. Nc4 Nb4 53.
Kc3 Nd5+ 54. Kxb3 Nf4 55. h4 Ng2 56. Ne5 Nxh4 57. Nd3+ Kd2 58. Nf4 Nf3 59. Nxh5 1/2-1/2

[Event "Early-Titled-Tuesday-Blitz-September-12-2023"]
[Site "Chess.com"]
[Date "2023.09.12"]
[Round "7"]
[White "esrosenberg"]
[Black "LamaChampetre"]
[Result "1-0"]
[WhiteElo "2357"]
[BlackElo "2245"]
[TimeControl "180+1"]
[EndTime "9:18:38 PDT"]
[Termination "esrosenberg won by resignation"]

1. e4 c5 2. Nc3 Nc6 3. f4 g6 4. Nf3 Bg7 5. a4 d6 6. Bb5 Nh6 7.
Bxc6+ bxc6 8. O-O O-O 9. d3 f5 10. Qe1 Qb6 11. a5 Qc7 12. Qh4 Ba6 13. Ng5 Qd7 14. e5 dxe5 15. fxe5 Qd4+ 16. Qxd4 cxd4 17. Na4 Ng4 18. Ne6 Bxe5 19. h3 Rf6 20. Nec5 Nh2 21. Nxa6 Nxf1 22. Kxf1 Raf8 23. Bg5 R6f7 24. N4c5 Bd6 25.
Ne6 Rc8 26. Nac5 Rb8 27. b3 Bxc5 28. Nxc5 e5 29. Re1 Re8 30. Re2 Kg7 31. Ke1 h6 32.
Bd2 g5 33. c3 Kf6 34. cxd4 Rfe7 35. dxe5+ Kg6 36. d4 f4 37. Bc3 Kf5 38. Kf2 h5 39. g3 fxg3+ 40. Kxg3 h4+ 41. Kg2 g4 42. Rf2+ Kg5 43.
Ne4+ Kh5 44. Rf5+ Kg6 45. hxg4 h3+ 46. Kxh3 Rb8 47. Rf6+ Kg7 48. Nc5 Ree8 49. Rxc6 Rh8+ 50. Kg3 Rbf8 51. Ne6+ Kf7 52. Nxf8 Rxf8 53. Rf6+ Ke7 54. Rxf8 1-0

[Event "Early-Titled-Tuesday-Blitz-September-12-2023"]
[Site "Chess.com"]
[Date "2023.09.12"]
[Round "7"]
[White "GianmarcoVaR"]
[Black "RobertoJBM"]
[Result "1-0"]
[WhiteElo "2636"]
[BlackElo "2807"]
[TimeControl "180+1"]
[EndTime "9:18:39 PDT"]
[Termination "GianmarcoVaR won by resignation"]

1. e4 c6 2. d4 d5 3. exd5 cxd5 4. Bd3 g6 5. Nf3 Nc6 6. O-O Bg4 7. c3 Bg7 8. Nbd2 Nf6 9. Re1 O-O 10. Nf1 e6 11. h3 Bxf3 12. Qxf3 Ne8 13. Ne3 Nd6 14. Ng4 h5 15. Ne5 Nxe5 16. dxe5 Nc4 17. Bxc4 dxc4 18. Qxb7 Qd3 19. Qe4 Rfd8 20. Qxd3 Rxd3 21. Be3 a5 22. Rad1 Rxd1 23. Rxd1 Bxe5 24. g4 hxg4 25. hxg4 Rb8 26. Bc1 Rb5 27. f4 Bf6 28.
Kf2 Rd5 29. Rxd5 exd5 30. a4 Kf8 31. Be3 Bd8 32. f5 gxf5 33. gxf5 Ke7 34. Bg5+ f6 35. Be3 Kd6 36. Bd4 Ke7 37. Kf3 Bc7 38. Ke3 Be5 39.
Bb6 Kd7 40. Bxa5 Kc6 41. Bd8 Kc5 42. Be7+ Kb6 43. Bd8+ Kc5 44. Ba5 d4+ 45. Ke4 d3 46. Ke3 Bf4+ 47. Kf3 Bc1 48. Bb4+ Kd5 49. Be7 Bxb2 50.
Bxf6 Ba3 51. Bd4 Bf8 52. a5 Kc6 53. a6 Kc7 54. f6 Kc6 55. f7 Kc7 56. Be3 Kc6 57. Ke4 Kc7 58. Kd5 d2 59. Bxd2 Kb6 60. Kxc4 Kxa6 61. Be3 Kb7 62. Bc5 1-0

[Event "Early-Titled-Tuesday-Blitz-September-12-2023"]
[Site "Chess.com"]
[Date "2023.09.12"]
[Round "7"]
[White "Nf3c5"]
[Black "Bugcrusher"]
[Result "1-0"]
[WhiteElo "2578"]
[BlackElo "2454"]
[TimeControl "180+1"]
[EndTime "9:18:39 PDT"]
[Termination "Nf3c5 won on time"]

1. d4 e6 2. e4 d5 3. e5 c5 4. c3 Nc6 5. Nf3 Bd7 6. Bd3 Rc8 7. O-O cxd4 8. Re1 dxc3 9. Nxc3 a6 10. Ng5 Bc5 11.
Qh5 g6 12. Qf3 Qe7 13. Bd2 Nd4 14. Qg3 h6 15. Nh3 g5 16. Kh1 Bc6 17. f4 g4 18.
Qxg4 Qf8 19. f5 h5 20. Qf4 Nh6 21. fxe6 fxe6 22. Bg6+ Kd7 23. Qg5 Nhf5 24. Rf1 Qg7 25. Ne2 Nxe2 26. Rxf5 Rhg8 27. Rf7+ Qxf7 28. Bxf7 Rxg5 29.
Nxg5 Nd4 30. Be3 Be7 31. Bxd4 Bxg5 32. Bxh5 Bb5 33. Bg6 Rc4 34. Rd1 Rc8 35. g3 Be2 36. Re1 Bf3+ 37. Kg1 Rc4 38. Be3 Rc1 39. Bxg5 Rxe1+ 40.
Kf2 Be4 41. Kxe1 Bxg6 42. Kf2 d4 43. g4 Kc6 44. Kf3 Kd5 45. Kf4 Bb1 46. a3 Bc2 47. h4 Bh7 48. h5 Bc2 49. Bh4 d3 50. Be1 1-0

[Event "Early-Titled-Tuesday-Blitz-September-12-2023"]
[Site "Chess.com"]
[Date "2023.09.12"]
[Round "7"]
[White "nihalsarin"]
[Black "Sanan_Sjugirov"]
[Result "0-1"]
[WhiteElo "3101"]
[BlackElo "2930"]
[TimeControl "180+1"]
[EndTime "9:18:41 PDT"]
[Termination "Sanan_Sjugirov won by resignation"]

1. a3 e5 2. e4 Nf6 3. Nc3 Bc5 4. Bc4 d6 5. d3 a5 6. Nf3 O-O 7. h3 c6 8. O-O h6 9. Be3 Bxe3 10. fxe3 Be6 11. Bxe6 fxe6 12. Qe1 Nbd7 13. Qg3 Qb6 14. Rab1 Qxe3+ 15. Kh1 Rf7 16. Rbe1 Qb6 17. Nd1 Raf8 18. Ne3 Qxb2 19. Nc4 Qxc2 20. Nxd6 Re7 21. Nh4 Nh5 22.
Rxf8+ Nxf8 23. Qxe5 Qf2 24. Nf3 Ng3+ 25. Kh2 Nf1+ 26.
Kh1 Ng6 27. Qxa5 Nf4 28. Nh4 Rd7 29. e5 Nxh3 30. Rxf1 Qxf1+ 31. Kh2 Ng5 32. Qa8+ Kh7 33. Qe8 Qf4+ 34. g3 Qf2+ 35. Kh1 Rd8 36. Qxd8 Nh3 37.
Nf3 Qxf3+ 38. Kh2 Nf2 39. Kg1 Qxg3+ 40. Kf1 Qf3 41. Ke1 Qe3+ 42. Kf1 Nxd3 43. Qf8 Qxe5 44.
Nxb7 Qf4+ 45. Qxf4 Nxf4 46. a4 Nd5 47. a5 Nc7 48. Nc5 Kg6 49. a6 Kf6 50. a7 Ke7 51.
Ke2 Kd6 52. Na6 Na8 53. Ke3 c5 54. Ke4 h5 55. Kf4 Kc6 56. Nb8+ Kb7 57. Nd7 c4 58.
Nc5+ Kxa7 59. Nxe6 g6 60. Ke4 Nb6 61. Nf4 h4 62.
Nxg6 h3 63. Kf3 c3 64. Ne5 c2 65. Nd3 Nd5 66. Kg3 Nf4 67. Nc1 Kb6 68. Nb3 Kc7 69. Kh2 Kd6 70. Kg3 Kd5 71. Kh2 Kc4 72. Nc1 Kc3 73.
Kg3 Kb2 0-1

[Event "Early-Titled-Tuesday-Blitz-September-12-2023"]
[Site "Chess.com"]
[Date "2023.09.12"]
[Round "7"]
[White "mamey78"]
[Black "Daniel_Salinas"]
[Result "1-0"]
[WhiteElo "2596"]
[BlackElo "2377"]
[TimeControl "180+1"]
[EndTime "9:18:43 PDT"]
[Termination "mamey78 won on time"]

1. e4 c5 2. Nf3 Nc6 3. c3 Nf6 4. e5 Nd5 5. Bc4 e6 6. d4 cxd4 7. cxd4 d6 8. O-O Be7 9. Qe2 O-O 10. Nc3 Nxc3 11. bxc3 b6 12. Bd3 Bb7 13. Bf4 dxe5 14. Nxe5 Nxe5 15. Bxe5 Bf6 16. f4 Rc8 17. Rac1 Qe7 18.
f5 exf5 19. Rxf5 Bxe5 20. Rxe5 Qa3 21. Qd2 Qd6 22. Qe3 g6 23. h4 Qf6 24. h5 Qh4 25.
h6 Qg4 26. Rg5 Qh4 27. Bc2 Rce8 28. Qg3 Qxg3 29. Rxg3 Re2 30. Bb3 Rfe8 31. Rf1 R8e7 32. Rf2 Re1+ 33. Kh2 Kf8 34. Rg4 f5 35. Rgf4 R7e3 36.
c4 Ke7 37. d5 Kd6 38. g4 Bc8 39.
g5 Bd7 40. Kg2 b5 41. Rc2 R1e2+ 42. Rf2 Rxf2+ 43. Kxf2 Rh3 44. c5+ Kc7 45. c6 Rh2+ 46. Ke3 Rxc2 47. Bxc2 Be8 48. Kd4 Kd6 49. Bd3 a6 50.
Be2 Bf7 51. Bf3 a5 52. a3 b4 53. axb4 axb4 54. Kc4 Be8 55. Kxb4 Ke5 56. Kc5 Kf4 57. d6 1-0

[Event "Early-Titled-Tuesday-Blitz-September-12-2023"]
[Site "Chess.com"]
[Date "2023.09.12"]
[Round "7"]
[White "Zavgorodniy_Sergiy"]
[Black "JiiHart"]
[Result "1-0"]
[WhiteElo "2532"]
[BlackElo "2156"]
[TimeControl "180+1"]
[EndTime "9:18:43 PDT"]
[Termination "Zavgorodniy_Sergiy won by resignation"]

1. d4 d5 2. c4 c5 3. dxc5 e6 4. cxd5 Bxc5 5. Nf3 Nf6 6. e3 Qxd5 7. Qxd5 Nxd5 8. a3 Nc6 9. b4 Be7 10. Bb2 Bf6 11.
Bxf6 gxf6 12. Bc4 Nb6 13. Bb3 e5 14. Nbd2 Be6 15. Rc1 Rc8 16. Ke2 Ke7 17. Bxe6 fxe6 18. Ne4 Na4 19. Nc5 Nxc5 20. Rxc5 b6 21. Rcc1 Nb8 22.
Nd2 Rxc1 23. Rxc1 Kd7 24. Ne4 f5 25. Ng5 Rg8 26. Nf3 e4 27. Ne5+ Kd6 28. Nf7+ Ke7 29. Rc7+ Kf6 30. Nd6 Rxg2 31. Rxh7 a5 32. Nc4 axb4 33.
axb4 Nc6 34. b5 Ne5 35. Nxe5 Kxe5 36. Rb7 Rxh2 37. Rxb6 Rh8 38. Rb7 Rc8 39. b6 Kd6 40. Kd2 Rc5 41. Rf7 Rd5+ 42. Kc3 Rb5 43. b7 Kc6 44.
Re7 Kd6 45. Rf7 Kc6 46. Kd4 Rxb7 47. Rxb7 Kxb7 48. Ke5 Kc6 49. Kxe6 f4 50. exf4 Kc5 51. Ke5 e3 52. fxe3 1-0

[Event "Early-Titled-Tuesday-Blitz-September-12-2023"]
[Site "Chess.com"]
[Date "2023.09.12"]
[Round "7"]
[White "Kirill_Klukin"]
[Black "Pingah9"]
[Result "1-0"]
[WhiteElo "2761"]
[BlackElo "2575"]
[TimeControl "180+1"]
[EndTime "9:18:50 PDT"]
[Termination "Kirill_Klukin won by resignation"]

1. d4 g6 2. Nf3 Bg7 3. e3 Nf6 4. Be2 b6 5. O-O Bb7 6. b3 d6 7. Bb2 Nbd7 8. c4 O-O 9. Nc3 e5 10. dxe5 dxe5 11. Qc2 e4 12. Nd2 Qe7 13. Rfd1 Rfe8 14. a3 a5 15. Nb5 Ne5 16. Nf1 Rad8 17. Rd4 c5 18. Rxd8 Rxd8 19. Rd1 Ne8 20. Bc3 Nd3 21.
Bxg7 Kxg7 22. Ng3 Qe5 23. h3 Nf6 24. Bxd3 exd3 25. Rxd3 Be4 26. Nxe4 Qxe4 27. Rd2 Rxd2 28. Qxd2 Qb1+ 29. Kh2 Qxb3 30. Qc3 Qxc3 31. Nxc3 Nd7 32.
f4 f5 33. Kg3 Kf7 34. Kf3 Nf6 35. g4 Ke6 36. e4 fxe4+ 37. Nxe4 Nxe4 38. Kxe4 Kd6 39. a4 Ke6 40. h4 h5 41. f5+ gxf5+ 42. gxf5+ Kf6 43. Kf4 Kf7 44. Ke5 Ke7 45. f6+ Kf7 46.
Kf5 b5 47. cxb5 c4 48. Ke4 1-0

[Event "Early-Titled-Tuesday-Blitz-September-12-2023"]
[Site "Chess.com"]
[Date "2023.09.12"]
[Round "7"]
[White "Chessbard1972"]
[Black "pirulillo"]
[Result "0-1"]
[WhiteElo "2458"]
[BlackElo "2310"]
[TimeControl "180+1"]
[EndTime "9:18:51 PDT"]
[Termination "pirulillo won on time"]

1. d4 Nf6 2. c4 g6 3. Nf3 Bg7 4. g3 O-O 5. Bg2 d6 6. Nc3 c6 7. O-O Qa5 8. h3 e5 9. e4 exd4 10. Nxd4 Nbd7 11. Be3 Ne5 12. Qe2 Qb4 13. f4 Nxc4 14.
a3 Qc5 15. b4 Nxe3 16. bxc5 Nxf1 17. Rxf1 dxc5 18. Nb3 Nd7 19. Na4 b6 20. e5 Bb7 21.
Rd1 Rfd8 22. Nc3 Nf8 23. Ne4 Ne6 24. Nd6 Rab8 25. Kh2 Ba8 26. Qc4 Bf8 27. g4 Bg7 28. Re1 b5 29. Qc3 Nxf4 30. Qg3 Ne6 31. Nd2 Bh6 32.
Rf1 Bxd2 33. Ne4 Bh6 34. g5 Bg7 35. Nf6+ Bxf6 36. gxf6 c4 37. h4 Rd3 38. Rf3 Rbd8 39. Bh3 c5 40. Rxd3 Rxd3 41. Qe1 c3 42. Bxe6 fxe6 43. h5 c2 44. Qc1 Be4 45. Qh6 Rd7 46. hxg6 Bxg6 47. Qe3 c4 48. Qc3 a5 49. Qb2 Rb7 50.
Qc1 b4 51. axb4 axb4 52. Qd2 b3 53. Qd8+ Kf7 54. Qh8 c1=Q 55. Qg7+ Ke8 56. Qxb7 Qf4+ 57. Kg1 Qe3+ 0-1

[Event "Early-Titled-Tuesday-Blitz-September-12-2023"]
[Site "Chess.com"]
[Date "2023.09.12"]
[Round "7"]
[White "campochess"]
[Black "Good_Knight_Kiss"]
[Result "0-1"]
[WhiteElo "2121"]
[BlackElo "2402"]
[TimeControl "180+1"]
[EndTime "9:18:52 PDT"]
[Termination "Good_Knight_Kiss won on time"]

1. d4 Nf6 2. Bg5 Ne4 3. h4 Nxg5 4. hxg5 g6 5. Nf3 d6 6. e4 h5 7. gxh6 Rxh6 8. Rxh6 Bxh6 9. Nc3 Nc6 10. Bb5 Bd7 11.
Bxc6 Bxc6 12. d5 Bd7 13. Qd4 e5 14. dxe6 Bxe6 15. Qh8+ Bf8 16. O-O-O Qe7 17. Nd5 Bxd5 18. exd5 O-O-O 19. Qd4 Kb8 20. Re1 Qd7 21. Kb1 Re8 22. Re3 Bh6 23. Ra3 a6 24. Rd3 Qf5 25. a3 Qe4 26.
Qf6 Qe7 27. Qc3 Qe2 28. Qf6 Qe7 29. Qc3 f5 30. Qb4 Qe4 31. Nd4 Bg7 32. Qb3 Bxd4 33. Ka2 f4 34. Qc4 Bxf2 35. Qb3 g5 36. Rh3 g4 37.
Rh6 Qxg2 38. Re6 Rxe6 39. dxe6 Qe4 40. a4 g3 41. a5 g2 42. e7 Qxe7 43. Qg8+ Ka7 44.
Qxg2 Bc5 45. Qf3 Qe6+ 46. b3 Qe3 47. Qd5 f3 48. Qc4 f2 49. b4 Bxb4 50. Qxb4 f1=Q 51. Qb2 Qb5 52. Qxb5 axb5 53. a6 Qc5 0-1

[Event "Early-Titled-Tuesday-Blitz-September-12-2023"]
[Site "Chess.com"]
[Date "2023.09.12"]
[Round "7"]
[White "marik_spb"]
[Black "Boundless_Strike"]
[Result "1-0"]
[WhiteElo "2459"]
[BlackElo "2622"]
[TimeControl "180+1"]
[EndTime "9:18:53 PDT"]
[Termination "marik_spb won on time"]

1. e4 d6 2. d4 e5 3. dxe5 Nc6 4. exd6 Bxd6 5. Nf3 Bg4 6. Be2 Qe7 7. Nc3 O-O-O 8. Bd3 Nf6 9. Bg5 h6 10. Bh4 g5 11. Bg3 Bb4 12. Qe2 Nd4 13. Qe3 Bc5 14. Nxd4 Bxd4 15. Qd2 Bxc3 16. Qxc3 Nxe4 17. Qxc7+ Qxc7 18. Bxc7 Kxc7 19. Bxe4 Rhe8 20. f3 f5 21. O-O fxe4 22. fxg4 e3 23. Rfd1 e2 24. Rxd8 Rxd8 25. Re1 Rd2 26. Kf2 Rxc2 27.
Rxe2 Rc6 28. Ke3 b5 29. h3 a5 30. Kd4 Kd6 31. b3 b4 32. Re5 Ra6 33. Rf5 Ke6 34. Kc5 Ra8 35. Kb5 Rc8 36. Kb6 a4 37. bxa4 Rc2 38.
Rb5 Rxg2 39. Rxb4 Rxa2 40. a5 Kd7 41. a6 Kc8 42. a7 Ra1 43. Rb5 Ra2 44. Rc5+ Kd7 45.
Ra5 Rb2+ 46. Kc5 Rc2+ 47. Kd5 Rd2+ 48. Ke5 Re2+ 49. Kf5 Re5+ 50. Kxe5 1-0

[Event "Early-Titled-Tuesday-Blitz-September-12-2023"]
[Site "Chess.com"]
[Date "2023.09.12"]
[Round "7"]
[White "Vision_64"]
[Black "masnyszachistaaa"]
[Result "0-1"]
[WhiteElo "2359"]
[BlackElo "2549"]
[TimeControl "180+1"]
[EndTime "9:18:54 PDT"]
[Termination "masnyszachistaaa won by resignation"]

1. e4 e6 2. d4 d5 3. Bd3 dxe4 4. Bxe4 Nf6 5. Bf3 c5 6. Ne2 Nc6 7. Be3 Nd5 8. Bxd5 Qxd5 9. Nbc3 Qxg2 10. Rg1 Qxh2 11.
Bf4 Qh5 12. Nb5 Ke7 13. dxc5 Qd5 14. Nc7 Qxd1+ 15. Rxd1 Rb8 16. Bd6+ Kf6 17. Ne8+ Kf5 18. Ng3+ Kg6 19. Bxb8 Nxb8 20. Nd6 Bxd6 21. cxd6 f6 22. Ne4+ Kf7 23. c4 Bd7 24. Nc5 Rc8 25. b4 b6 26.
Nxd7 Nxd7 27. Rd4 g6 28. Kd2 Ne5 29. Kc3 Nf3 30. d7 Rd8 31. Rh1 Nxd4 32. Kxd4 h5 33. c5 Rxd7+ 34. Kc4 bxc5 35. bxc5 Rd2 36. Kb5 Rb2+ 37.
Ka6 Rxa2+ 38. Kb7 Rxf2 39. c6 Rb2+ 40. Kxa7 Rc2 41. Kb7 f5 42. c7 Kf6 43. c8=Q Rxc8 44. Kxc8 f4 45. Kd7 Kf5 46. Kd6 f3 47. Kc5 Ke4 48.
Kc4 f2 49. Rf1 Kf3 50. Kd3 g5 51. Kd2 g4 52. Kd1 g3 53. Rh1 g2 54. Rxh5 f1=Q+ 55. Kd2 Qe2+ 56. Kc3 Qe3+ 57. Kc4 g1=Q 0-1